TOP OF THE 1ST |
Mancelona Torch batting - Pitching for Galesburg Guzzlers : RHP Nassim El-Badwi
|
Pitching: RHP Nassim El-Badwi
|
|
Batting: RHB José Córdova
|
0-0: Foul Ball, location: 2F 0-1: Swinging Strike 0-2: Foul Ball, location: 2F 0-2: Ball 1-2: Foul Ball, location: 2F 1-2: Ball 2-2: Ground out U3 (Groundball, 34)
|
Batting: RHB Alex Vaske
|
0-0: Ball 1-0: Foul Ball, location: 2F 1-1: Ball 2-1: SINGLE (Flyball, 7S)
|
Batting: RHB Blake Snow
|
0-0: Foul Ball, location: 2F 0-1: SINGLE (Groundball, 13) (infield hit) Alex Vaske to second
|
Batting: LHB Badry Maksimenov
|
0-0: Ball 1-0: Called Strike 1-1: Swinging Strike 1-2: Strikes out swinging
|
Batting: RHB Kyle Vandenbrink
|
0-0: Ball 1-0: Ball 2-0: Called Strike 2-1: Ground out 5-3 (Groundball, 56S)
|
Top of the 1st over - 0 run(s), 2 hit(s), 0 error(s), 2 left on base; Mancelona 0 - Galesburg 0 |
BOTTOM OF THE 1ST |
Galesburg Guzzlers batting - Pitching for Mancelona Torch : RHP Ron Manning
|
Pitching: RHP Ron Manning
|
|
Batting: RHB Eun-bum Kim
|
0-0: Ball 1-0: SINGLE (Line Drive, 9S)
|
Batting: LHB Paolo van Ginderen
|
0-0: Ball 1-0: Ball 2-0: Ball 3-0: Base on Balls Eun-bum Kim to second
|
Batting: LHB Armando Rodríguez
|
0-0: Ball 1-0: Called Strike 1-1: Swinging Strike 1-2: Foul Ball, location: 2F 1-2: SINGLE (Line Drive, 4D) Eun-bum Kim to third Paolo van Ginderen to second Runner from 3rd tries for Home, SAFE, no throw
|
Batting: RHB José Díaz
|
0-0: Ball 1-0: Ball 2-0: Ball 3-0: Called Strike 3-1: Base on Balls Paolo van Ginderen to third Armando Rodríguez to second
|
Batting: RHB Mike Mays
|
0-0: Called Strike 0-1: Ball 1-1: Fly out, F9 (Flyball, 9LSF) Runner from 3rd tags up, SCORES, no throw
|
Batting: RHB Jack Cantrell
|
0-0: Foul Ball, location: 2F 0-1: Fly out, F9 (Flyball, 9S)
|
Batting: RHB José Vargas
|
0-0: Fly out, F8 (Line Drive, 8RD)
|
Bottom of the 1st over - 2 run(s), 2 hit(s), 0 error(s), 2 left on base; Mancelona 0 - Galesburg 2 |
TOP OF THE 2ND |
Mancelona Torch batting - Pitching for Galesburg Guzzlers : RHP Nassim El-Badwi
|
Batting: LHB Jim Unknown
|
0-0: Foul Ball, location: 2F 0-1: Called Strike 0-2: Ball 1-2: Foul Ball, location: 2F 1-2: Strikes out swinging
|
Batting: LHB Jorge Morín
|
0-0: Ball 1-0: Called Strike 1-1: Ball 2-1: Ball 3-1: Called Strike 3-2: Ground out 2-3 (Groundball, 15S)
|
Batting: LHB Jim Halpert
|
0-0: Called Strike 0-1: Ball 1-1: Swinging Strike 1-2: Ball 2-2: Strikes out looking
|
Top of the 2nd over - 0 run(s), 0 hit(s), 0 error(s), 0 left on base; Mancelona 0 - Galesburg 2 |
BOTTOM OF THE 2ND |
Galesburg Guzzlers batting - Pitching for Mancelona Torch : RHP Ron Manning
|
Batting: RHB Sébastien Bernard
|
0-0: Ball 1-0: Called Strike 1-1: Foul Ball, location: 2F 1-2: Ball 2-2: DOUBLE (Line Drive, 89D)
|
Batting: LHB Marshall Willis
|
0-0: Ball 1-0: Called Strike 1-1: Ball 2-1: Ball 3-1: Called Strike 3-2: Strikes out looking
|
Batting: RHB Eun-bum Kim
|
0-0: Ball 1-0: Swinging Strike 1-1: Ball 2-1: Ball Sébastien Bernard steals 3rd base 3-1: Ground out 4-3 (Groundball, 4) Sébastien Bernard scores
|
Batting: LHB Paolo van Ginderen
|
0-0: Called Strike 0-1: Ball 1-1: Ball 2-1: SINGLE (Groundball, 6MD)
|
Batting: LHB Armando Rodríguez
|
0-0: Called Strike 0-1: Ball 1-1: Swinging Strike 1-2: Ball 2-2: Fielders Choice at 2nd, 4-6 (Groundball, 4)
|
Bottom of the 2nd over - 1 run(s), 2 hit(s), 0 error(s), 0 left on base; Mancelona 0 - Galesburg 3 |
TOP OF THE 3RD |
Mancelona Torch batting - Pitching for Galesburg Guzzlers : RHP Nassim El-Badwi
|
Batting: RHB Burt Babbs
|
0-0: Called Strike 0-1: Swinging Strike 0-2: Strikes out swinging
|
Batting: RHB José Córdova
|
0-0: Ball 1-0: Ball 2-0: Called Strike 2-1: Ball 3-1: Base on Balls
|
Batting: RHB Alex Vaske
|
0-0: Ball 1-0: Ball 2-0: Foul Ball, location: 2F 2-1: Swinging Strike 2-2: Fielders Choice at 2nd, 5-4 (Groundball, 5L)
|
Batting: RHB Blake Snow
|
0-0: Swinging Strike 0-1: Ball 1-1: Fly out, F8 (Flyball, 8LS)
|
Top of the 3rd over - 0 run(s), 0 hit(s), 0 error(s), 1 left on base; Mancelona 0 - Galesburg 3 |
BOTTOM OF THE 3RD |
Galesburg Guzzlers batting - Pitching for Mancelona Torch : RHP Ron Manning
|
Batting: RHB José Díaz
|
0-0: Called Strike 0-1: Foul Ball, location: 2F 0-2: Ball 1-2: Ball 2-2: Fly out, F6 (Line Drive, 6D)
|
Batting: RHB Mike Mays
|
0-0: Called Strike 0-1: Ball 1-1: Foul Ball, location: 2F 1-2: Strikes out swinging
|
Batting: RHB Jack Cantrell
|
0-0: SINGLE (Groundball, 34D)
|
Batting: RHB José Vargas
|
0-0: Ground out 5-3 (Groundball, 5S)
|
Bottom of the 3rd over - 0 run(s), 1 hit(s), 0 error(s), 1 left on base; Mancelona 0 - Galesburg 3 |
TOP OF THE 4TH |
Mancelona Torch batting - Pitching for Galesburg Guzzlers : RHP Nassim El-Badwi
|
Batting: LHB Badry Maksimenov
|
0-0: Ball 1-0: Foul Ball, location: 2F 1-1: Ground out 4-3 (Groundball, 4M)
|
Batting: RHB Kyle Vandenbrink
|
0-0: Ball 1-0: Called Strike 1-1: Ball 2-1: Foul Ball, location: 2F 2-2: Foul Ball, location: 2F 2-2: Ground out 5-3 (Groundball, 56)
|
Batting: LHB Jim Unknown
|
0-0: Ball 1-0: Ball 2-0: Ball 3-0: Base on Balls
|
Batting: LHB Jorge Morín
|
0-0: Ball 1-0: Ball 2-0: Foul Ball, location: 2F 2-1: 2-RUN HOME RUN (Flyball, 7D), Distance : 401 ft
|
Batting: LHB Jim Halpert
|
0-0: Ball 1-0: Ball 2-0: Ground out U3 (Groundball, 3)
|
Top of the 4th over - 2 run(s), 1 hit(s), 0 error(s), 0 left on base; Mancelona 2 - Galesburg 3 |
BOTTOM OF THE 4TH |
Galesburg Guzzlers batting - Pitching for Mancelona Torch : RHP Ron Manning
|
Batting: RHB Sébastien Bernard
|
0-0: Foul Ball, location: 2F 0-1: SOLO HOME RUN (Line Drive, 7D), Distance : 412 ft
|
Batting: LHB Marshall Willis
|
0-0: Ball 1-0: Ball 2-0: Ball 3-0: Base on Balls
|
Batting: RHB Eun-bum Kim
|
0-0: Ball 1-0: Fielders Choice at 2nd, 1-6 (Groundball, 13)
|
Batting: LHB Paolo van Ginderen
|
0-0: Ball Eun-bum Kim steals 2nd base 1-0: Ball 2-0: SINGLE (Groundball, 34D) Eun-bum Kim to third Runner from 3rd tries for Home, SAFE, no throw
|
Batting: LHB Armando Rodríguez
|
0-0: Swinging Strike 0-1: Ball 1-1: Ball 2-1: SINGLE (Line Drive, 7S) Paolo van Ginderen to second
|
Batting: RHB José Díaz
|
0-0: Ball 1-0: Ball 2-0: Called Strike 2-1: Ball 3-1: DOUBLE (Line Drive, 7) Paolo van Ginderen scores Armando Rodríguez to third Runner from 3rd tries for Home, SAFE, throw made at trailing runner, OUT at third!
|
Pitching: RHP Yoshii Ikeda
|
|
Batting: RHB Mike Mays
|
0-0: Ball 1-0: Ball 2-0: Ball 3-0: Called Strike 3-1: Called Strike 3-2: Foul Ball, location: 2F 3-2: Foul Ball, location: 2F 3-2: Fly out, F8 (Flyball, 78M)
|
Bottom of the 4th over - 4 run(s), 4 hit(s), 0 error(s), 0 left on base; Mancelona 2 - Galesburg 7 |
TOP OF THE 5TH |
Mancelona Torch batting - Pitching for Galesburg Guzzlers : RHP Nassim El-Badwi
|
Batting: RHB Burt Babbs
|
0-0: Called Strike 0-1: Foul Ball, location: 2F 0-2: Ball 1-2: Strikes out swinging
|
Batting: RHB José Córdova
|
0-0: Fly out, F6 (Popup, 6MD)
|
Batting: RHB Alex Vaske
|
0-0: Ball 1-0: Ball 2-0: Foul Ball, location: 2F 2-1: Swinging Strike 2-2: Ball 3-2: Fly out, F7 (Flyball, 7S)
|
Top of the 5th over - 0 run(s), 0 hit(s), 0 error(s), 0 left on base; Mancelona 2 - Galesburg 7 |
BOTTOM OF THE 5TH |
Galesburg Guzzlers batting - Pitching for Mancelona Torch : RHP Yoshii Ikeda
|
Batting: RHB Jack Cantrell
|
0-0: Ball 1-0: Ground out 6-3 (Groundball, 6)
|
Batting: RHB José Vargas
|
0-0: Called Strike 0-1: Called Strike 0-2: Foul Ball, location: 2F 0-2: SINGLE (Groundball, 4MD)
|
Batting: RHB Sébastien Bernard
|
0-0: Called Strike 0-1: Ball 1-1: Grounds into double play, 6-4-3 (Groundball, 6)
|
Bottom of the 5th over - 0 run(s), 1 hit(s), 0 error(s), 0 left on base; Mancelona 2 - Galesburg 7 |
TOP OF THE 6TH |
Mancelona Torch batting - Pitching for Galesburg Guzzlers : RHP Nassim El-Badwi
|
Batting: RHB Blake Snow
|
0-0: Ball 1-0: Swinging Strike 1-1: Foul Ball, location: 2F 1-2: Ball 2-2: SINGLE (Line Drive, 7LS)
|
Batting: LHB Badry Maksimenov
|
0-0: Foul Ball, location: 2F 0-1: Ball 1-1: Ball 2-1: Ball 3-1: Called Strike 3-2: Strikes out swinging
|
Batting: RHB Kyle Vandenbrink
|
0-0: Called Strike 0-1: Called Strike 0-2: Foul Ball, location: 2F 0-2: Strikes out swinging
|
Batting: LHB Jim Unknown
|
0-0: Ball 1-0: Called Strike 1-1: Foul Ball, location: 2F 1-2: Ball 2-2: Ball 3-2: Foul Ball, location: 2F 3-2: Ground out 1-3 (Groundball, 13)
|
Top of the 6th over - 0 run(s), 1 hit(s), 0 error(s), 1 left on base; Mancelona 2 - Galesburg 7 |
BOTTOM OF THE 6TH |
Galesburg Guzzlers batting - Pitching for Mancelona Torch : RHP Yoshii Ikeda
|
Batting: LHB Marshall Willis
|
0-0: Swinging Strike 0-1: Ground out 6-3 (Groundball, 6)
|
Batting: RHB Eun-bum Kim
|
0-0: Ball 1-0: Ball 2-0: Foul Ball, location: 2F 2-1: Foul Ball, location: 2F 2-2: Strikes out swinging
|
Batting: LHB Paolo van Ginderen
|
0-0: Ball 1-0: SINGLE (Line Drive, 34)
|
Batting: LHB Armando Rodríguez
|
0-0: Ball 1-0: Fly out, F7 (Flyball, 7LS)
|
Bottom of the 6th over - 0 run(s), 1 hit(s), 0 error(s), 1 left on base; Mancelona 2 - Galesburg 7 |
TOP OF THE 7TH |
Mancelona Torch batting - Pitching for Galesburg Guzzlers : RHP Nassim El-Badwi
|
Batting: LHB Jorge Morín
|
0-0: Called Strike 0-1: Ball 1-1: SINGLE (Groundball, 56D)
|
Batting: LHB Jim Halpert
|
0-0: Ball 1-0: Swinging Strike 1-1: Swinging Strike 1-2: Foul Ball, location: 2F 1-2: Strikes out swinging
|
Pitching: LHP Tod Whipple
|
|
Batting: RHB Burt Babbs
|
0-0: Called Strike 0-1: Swinging Strike 0-2: Ball 1-2: Ball 2-2: Strikes out swinging
|
Batting: RHB José Córdova
|
0-0: Foul Ball, location: 2F 0-1: Ball 1-1: SINGLE (Line Drive, 4D) Jorge Morín to second
|
Batting: RHB Alex Vaske
|
0-0: Ball 1-0: Ball 2-0: Called Strike 2-1: Foul Ball, location: 2F 2-2: Foul Ball, location: 2F 2-2: Ball 3-2: Base on Balls Jorge Morín to third José Córdova to second
|
Batting: RHB Blake Snow
|
0-0: Called Strike 0-1: Ball 1-1: SINGLE (Groundball, 6D) Jorge Morín scores José Córdova to third Alex Vaske to second Runner from 3rd tries for Home, SAFE, no throw
|
Batting: LHB Badry Maksimenov
|
0-0: Ball 1-0: Ball 2-0: Swinging Strike 2-1: Ball 3-1: Foul Ball, location: 2F 3-2: Strikes out swinging
|
Top of the 7th over - 2 run(s), 3 hit(s), 0 error(s), 2 left on base; Mancelona 4 - Galesburg 7 |
BOTTOM OF THE 7TH |
Galesburg Guzzlers batting - Pitching for Mancelona Torch : RHP Yoshii Ikeda
|
Batting: RHB José Díaz
|
0-0: Swinging Strike 0-1: Ball 1-1: Ball 2-1: Swinging Strike 2-2: Foul Ball, location: 2F 2-2: Ground out 6-3 (Groundball, 6)
|
Batting: RHB Mike Mays
|
0-0: Ball 1-0: Foul Ball, location: 2F 1-1: Foul Ball, location: 2F 1-2: SINGLE (Groundball, 56D)
|
Batting: RHB Jack Cantrell
|
0-0: Called Strike 0-1: Ball 1-1: Called Strike 1-2: Ball 2-2: 2-RUN HOME RUN (Flyball, 9D), Distance : 365 ft
|
Batting: RHB José Vargas
|
0-0: Fly out, F8 (Line Drive, 8LS)
|
Batting: RHB Sébastien Bernard
|
0-0: Ground out 6-3 (Groundball, 6)
|
Bottom of the 7th over - 2 run(s), 2 hit(s), 0 error(s), 0 left on base; Mancelona 4 - Galesburg 9 |
TOP OF THE 8TH |
Mancelona Torch batting - Pitching for Galesburg Guzzlers : LHP Tod Whipple
|
Batting: RHB Kyle Vandenbrink
|
0-0: Foul Ball, location: 2F 0-1: Swinging Strike 0-2: Ball 1-2: Foul Ball, location: 2F 1-2: Strikes out looking
|
Batting: LHB Jim Unknown
|
0-0: Called Strike 0-1: Ball 1-1: Foul Ball, location: 2F 1-2: Foul Ball, location: 2F 1-2: Fly out, F8 (Flyball, 8LS)
|
Batting: LHB Jorge Morín
|
0-0: Called Strike 0-1: Foul Ball, location: 2F 0-2: Ball 1-2: Foul Ball, location: 2F 1-2: Strikes out swinging
|
Top of the 8th over - 0 run(s), 0 hit(s), 0 error(s), 0 left on base; Mancelona 4 - Galesburg 9 |
BOTTOM OF THE 8TH |
Galesburg Guzzlers batting - Pitching for Mancelona Torch : RHP Yoshii Ikeda
|
Batting: LHB Marshall Willis
|
0-0: SINGLE (Line Drive, 9LS)
|
Batting: RHB Eun-bum Kim
|
0-0: Ball 1-0: Called Strike 1-1: Called Strike 1-2: Foul Ball, location: 2F 1-2: Ground out 3-1 (Groundball, 34S) Marshall Willis to second
|
Batting: LHB Paolo van Ginderen
|
0-0: Ball 1-0: Foul Ball, location: 2F 1-1: Called Strike 1-2: SINGLE (Groundball, 34D) Marshall Willis to third Runner from 3rd tries for Home, SAFE, throw made home Paolo van Ginderen to second
|
Batting: LHB Armando Rodríguez
|
0-0: Ball 1-0: Ball 2-0: Foul Ball, location: 2F 2-1: Ball 3-1: Base on Balls
|
Batting: RHB José Díaz
|
0-0: Called Strike 0-1: Called Strike 0-2: Strikes out swinging
|
Batting: RHB Mike Mays
|
0-0: Ball 1-0: Fielders Choice at 2nd, 6-4 (Groundball, 6)
|
Bottom of the 8th over - 1 run(s), 2 hit(s), 0 error(s), 1 left on base; Mancelona 4 - Galesburg 10 |
TOP OF THE 9TH |
Mancelona Torch batting - Pitching for Galesburg Guzzlers : LHP Tod Whipple
|
Now in RF: Robby Amesquita
|
|
Batting: LHB Jim Halpert
|
0-0: Ground out 3-1 (Groundball, 34)
|
Batting: RHB Burt Babbs
|
0-0: Ball 1-0: Ball 2-0: Ball 3-0: Base on Balls
|
Batting: RHB José Córdova
|
0-0: Fielders Choice at 2nd, 5-4 (Groundball, 56)
|
Batting: RHB Alex Vaske
|
0-0: Ball 1-0: Fielders Choice at 2nd, 5-4 (Groundball, 56)
|
Top of the 9th over - 0 run(s), 0 hit(s), 0 error(s), 0 left on base; Mancelona 4 - Galesburg 10 |
|